 Dungeon Crawl Stone Soup version 0.16-a0-2652-gd333f3b (webtiles) character file.

365 PolkaDot the Caller (level 6, -5/41 HPs)
             Began as a Vampire Summoner on Nov 23, 2014.
             Slain by a gnoll (7 damage)
             ... on level 4 of the Dungeon.
             The game lasted 00:12:39 (3333 turns).

PolkaDot the Caller (Vampire Summoner)              Turns: 3333, Time: 00:12:41

Health: -5/41      AC:  3    Str: 12    XL:     6   Next: 40%
Magic:  2/10       EV: 11    Int: 19    God:
Gold:   207        SH:  0    Dex: 14    Spells: 3 memorised, 3 levels left

rFire  . . .     SeeInvis +     e - +0 dagger
rCold  . . .     Clarity  .     f - +0 leather armour
rNeg   . . .     SustAb   .     (no shield)
rPois  .         Gourm    .     (no helmet)
rElec  .         Spirit   .     (no cloak)
rCorr  .         Warding  .     (no gloves)
rMut   .         Stasis   .     (no boots)
MR     .....                    (no amulet)
Stlth  ++........               (no ring)
                                (no ring)

@: mighty, exhausted, very slightly contaminated, regenerating quickly, slowed,
very slow, not resistant to hostile enchantments, unstealthy
A: bottle blood, fangs 3, see invisible, unbreathing
a: no special abilities


You were on level 4 of the Dungeon.
You were very full.

You visited 1 branch of the dungeon, and saw 4 of its levels.

You collected 207 gold pieces.

Inventory:

Hand weapons
 e - a +0 dagger (weapon)
Armour
 f - a +0 leather armour (worn)
 g - a +0 helmet
Jewellery
 o - an uncursed ring of see invisible {unknown}
Magical devices
 n - a wand of flame (7)
Scrolls
 a - a scroll of amnesia {unknown}
 c - 3 scrolls of remove curse
 d - 2 scrolls of identify {unknown}
 h - 2 scrolls of noise {unknown}
 i - a scroll of teleportation {unknown}
 j - a scroll of enchant armour {unknown}
 k - a scroll of recharging {unknown}
 q - a scroll of immolation {unknown}
Potions
 m - 9 potions of blood {@*1}
 p - a potion of berserk rage
Books
 b - a book of Callings

   Spells                             Type                      Level
   *Summon Small Mammal               Summoning                    1
   *Call Imp                          Summoning                    2
   *Call Canine Familiar              Summoning                    3
   Summon Guardian Golem              Hexes/Summoning              4
   Summon Lightning Spire             Summoning/Air                4
   Summon Ice Beast                   Ice/Summoning                4


   Skills:
 * Level 3.8 Armour
 - Level 2.1 Dodging
 - Level 3.0 Stealth
 - Level 2.0 Spellcasting
 + Level 6.0 Summonings


You had 3 spell levels left.
You knew the following spells:

 Your Spells              Type           Power        Failure   Level  Hunger
a - Summon Small Mammal   Summ           ###.         1%          1    #......
d - Call Canine Familiar  Summ           ###.....     4%          3    ###....
s - Call Imp              Summ           ###.....     1%          2    ###....


Dungeon Overview and Level Annotations

Branches:
Dungeon (4/15)
 Temple: D:4-7

Altars:


Innate Abilities, Weirdness & Mutations

Your natural rate of healing is unusually fast.
You can bottle blood from corpses.
You have razor-sharp teeth.
You have supernaturally acute eyesight.
You can survive without breathing.


Message History

The gnoll closely misses you. The gnoll barely misses you.
The gnoll hits you with a whip.
* * * LOW HITPOINT WARNING * * *
You puncture the gnoll!
You kill the gnoll!
The worker ant misses your hound. The gnoll closely misses you.
Your crimson imp blinks!
You barely miss the gnoll.
The gnoll is heavily wounded.
The worker ant misses your hound. The gnoll hits you but does no damage.
Your crimson imp blinks!
The worker ant bites your hound. The gnoll hits you.
* * * LOW HITPOINT WARNING * * *
You closely miss the gnoll.
The gnoll is heavily wounded.
The worker ant bites your hound.
Your hound dies!
Your hound's corpse disappears in a puff of smoke!
The gnoll hits you!
You die...

#........(.# #####
##........##
#...####..........#
#.....##........<.#
#...#..#.§........#
###...##.#..........#
#.....##.#..........###
#....)a§....).).......#
#...)###@.#.......#...#
#....##..g..............
#...>...#...########..#
##......)##....# ..
###........5###..### ...
...)....#))......... ..#.
........##(#####..###..#$#
.........##..####...##..#.###
.##...............$...(..


You could see a worker ant and a gnoll.

Vanquished Creatures
  A phantom (D:4)
  A gnoll shaman (D:4)
  A worker ant (D:4)
  2 adders
  2 gnolls (D:4)
  A giant mite (D:4)
  An adder skeleton (D:4)
  An orc (D:3)
  4 bats
  4 giant cockroaches
  4 hobgoblins
  6 jackals
  3 kobolds
  2 quokkas (D:3)
  2 giant geckos
  3 giant newts (D:1)
  A goblin (D:2)
  8 rats
47 creatures vanquished.

Vanquished Creatures (collateral kills)
  The ghost of RobertPalmer the Sneak, an average OpGl (D:3)
  A centaur skeleton (D:4)
  An orc priest (D:3)
  A hound (D:4)
  A worker ant (D:4)
  2 adders
  3 gnolls
  A giant mite (D:2)
  2 giant geckos (D:3)
  An ooze (D:2)
  5 orcs (D:3)
  2 bats
  A giant cockroach (D:1)
  7 goblins
  5 hobgoblins
  5 kobolds
  A quokka (D:3)
  3 rats
43 creatures vanquished.

Vanquished Creatures (others)
  3 hounds
  A shadow imp (D:3)
  A white imp (D:3)
  3 rats
8 creatures vanquished.

Grand Total: 98 creatures vanquished

Notes
Turn   | Place    | Note
--------------------------------------------------------------
     0 | D:1      | PolkaDot, the Vampire Summoner, began the quest for the Orb.
     0 | D:1      | Reached XP level 1. HP: 13/13 MP: 3/3
   426 | D:1      | Reached XP level 2. HP: 19/19 MP: 2/4
   843 | D:1      | Learned a level 2 spell: Call Imp
  1309 | D:2      | Reached skill level 5 in Summonings
  1310 | D:2      | Reached XP level 3. HP: 13/24 MP: 0/6
  1398 | D:2      | Learned a level 3 spell: Call Canine Familiar
  1634 | D:2      | Reached skill level 1 in Armour
  1948 | D:3      | Noticed RobertPalmer's ghost (average OpGl)
  1960 | D:3      | Killed RobertPalmer's ghost
  1960 | D:3      | Reached XP level 4. HP: 10/30 MP: 2/7
  2465 | D:3      | Reached XP level 5. HP: 31/35 MP: 3/9
  2954 | D:4      | Noticed a phantom
  2982 | D:4      | Killed a phantom
  3074 | D:4      | Reached XP level 6. HP: 11/41 MP: 0/10
  3310 | D:4      | Reached skill level 6 in Summonings
  3332 | D:4      | HP: 2/41 [gnoll (6)]
  3333 | D:4      | Slain by a gnoll

Action                   |  1- 3 |  4- 6 || total
-------------------------+-------+-------++-------
Melee: Unarmed           |    47 |       ||    47
       Dagger            |   151 |   102 ||   253
 Cast: Summon Small Mamm |    18 |       ||    18
       Call Imp          |    13 |    15 ||    28
       Call Canine Famil |       |     5 ||     5
Evoke: Wand              |       |     7 ||     7
  Use: Potion            |     6 |    11 ||    17
       Scroll            |     1 |     1 ||     2
 Stab: Distracted        |     1 |       ||     1
       Sleeping          |     1 |     2 ||     3
  Eat: Corpse            |    12 |     1 ||    13
